 Dungeon Crawl Stone Soup version 0.28-a0-863-g8cecda6153 (webtiles) character file.

Game seed: 12691568397908894064

16456 mcbry74 the Basher (level 12, -15/110 HPs)
             Began as a Troll Chaos Knight on Nov 16, 2021.
             Was a Plaything of Xom.
             Demolished by a swamp worm (30 damage)
             ... on level 2 of the Lair of Beasts.
             The game lasted 01:03:35 (8743 turns).

mcbry74 the Basher (Troll Chaos Knight)             Turns: 8743, Time: 01:03:36

Health: -15/110    AC: 12    Str: 27    XL:     12   Next: 10%
Magic:  12/12      EV: 11    Int: 12    God:    Xom [....*.]
Gold:   485        SH:  0    Dex:  9    Spells: 11/11 levels left

rFire   . . .      SeeInvis .   f - +1 giant spiked club (chaos)
rCold   . . .      Faith    .   (shield currently unavailable)
rNeg    . . .      Spirit   .   D - +2 troll leather armour
rPois   +          Reflect  .   g - +1 hat
rElec   .          Harm     .   F - +0 cloak
rCorr   .          Rampage  .   (gloves unavailable)
Will    .....                   (boots unavailable)
Stlth   +.........              (no amulet)
HPRegen 2.28/turn               i - +6 ring of intelligence
MPRegen 0.13/turn               (no ring)

@: unable to read
A: large, unfitting armour, claws 3, regeneration 1, shaggy fur 1, tough skin 1,
iridescent scales 1, dopey 1, frail 1, high mp 1, passive freeze, poison
resistance, wild magic 2, inability to read while threatened
a: Renounce Religion


You were on level 2 of the Lair of Beasts.
You worshipped Xom.
You were a beloved toy of Xom.
You visited 2 branches of the dungeon, and saw 12 of its levels.

You collected 485 gold pieces.

Inventory:

Hand Weapons
 a - a +0 mace of chaos
 f - a +1 giant spiked club of chaos (weapon)
 y - a +0 giant spiked club
 z - a +0 giant spiked club
Missiles
 h - 2 boomerangs (quivered)
 n - 19 poisoned darts
 v - a curare-tipped dart
 G - 3 javelins
 K - a throwing net
Armour
 b - a +2 robe
 g - a +1 hat (worn)
 D - a +2 troll leather armour (worn)
 F - a +0 cloak (worn)
 J - +0 acid dragon scales
Jewellery
 i - a +6 ring of intelligence (left claw)
 o - a ring of fire
 u - a ring of fire
Wands
 l - a wand of iceblast (13)
 m - a wand of flame (13)
 t - a wand of digging (8)
 B - a wand of mindburst (15)
 C - a wand of acid (5)
Scrolls
 e - a scroll of amnesia
 j - 4 scrolls of teleportation
 k - a scroll of fog
 r - a scroll of magic mapping
 w - 2 scrolls of identify
 H - 2 scrolls of blinking
Potions
 c - 2 potions of heal wounds
 d - 5 potions of flight
 p - 3 potions of haste
 q - 2 potions of ambrosia
 s - a potion of magic
 A - a potion of resistance
 E - a potion of curing
 I - a potion of cancellation


   Skills:
 + Level 9.1 Fighting
 + Level 10.0 Maces & Flails
 + Level 9.0 Throwing
 - Level 7.0 Dodging
 + Level 3.6 Evocations


You had 11 spell levels left.
You didn't know any spells.
Your spell library contained the following spells:

 Spells                   Type           Power      Damage    Failure   Level
 Magic Dart               Conj           0%         1d3       54%         1
 Searing Ray              Conj           0%         2d4       67%         2
 Conjure Flame            Conj/Fire      0%         6-21      86%         3
 Ignite Poison            Fire/Tmut/Pois 0%         N/A       86%         3
 Fulminant Prism          Conj/Hex       0%         3d6       99%         4
 Sticky Flame             Conj/Fire      0%         2d3       99%         4
 Alistair's Intoxication  Tmut/Pois      0%         N/A       100%        5
 Borgnjor's Vile Clutch   Necr/Erth      0%         N/A       100%        5
 Summon Forest            Summ/Tloc      0%         N/A       100%        5
 Summon Mana Viper        Hex/Summ       0%         N/A       100%        5
 Eringya's Noxious Bog    Tmut/Pois      0%         N/A       100%        6
 Summon Cactus Giant      Summ           0%         N/A       100%        6


Dungeon Overview and Level Annotations

Branches:
Dungeon (10/15)            Temple (0/1) D:4            Lair (2/6) D:10
    Orc (0/2) D:9
  Swamp: Lair:2-4    Shoals: Lair:2-4     Snake: Lair:2-4    Spider: Lair:2-4

Altars:
Kikubaaqudgha
Xom

Shops:
D:1 [   D:4 :   D:6 (

Annotations:
D:4 1 runed translucent door
Lair:1 3 runed translucent doors, Nov Bun's ghost, journeyman MiFi


Innate Abilities, Weirdness & Mutations

You are too large for most types of armour.
You have claws for hands.
Your natural rate of healing is unusually fast.
You are covered in fur. (AC +1)
You have tough skin. (AC +1)
You are partially covered in iridescent scales. (AC +2)
You are dopey. (Int -2)
You are frail. (-10% HP)
You have an increased reservoir of magic. (+10% MP)
A frigid envelope surrounds you and freezes all who hurt you.
Your system is resistant to poisons. (rPois)
Your spells are harder to cast, but more powerful.
You sometimes lose the ability to read scrolls when taking damage.


Message History

The five-headed hydra is very cold.
You kill the five-headed hydra!
The swamp worm bites you but does no damage.
The swamp worm is very cold.
The swamp worm is lightly wounded.
Your Maces & Flails skill increases to level 10!
You closely miss the swamp worm.
The swamp worm is lightly wounded.
The swamp worm bites you!
The swamp worm is very cold.
The swamp worm is moderately wounded.
You crush the swamp worm like a grape!!!
You kill the swamp worm!
The swamp worm fires a harpoon shot at you.
The harpoon shot hits you!!
You are yanked forward by the harpoon shot.
You puncture the swamp worm!
The swamp worm goes berserk!
The swamp worm is heavily wounded.
The swamp worm misses you. x2; The swamp worm barely misses you.
You barely miss the swamp worm.
The swamp worm is heavily wounded.
The swamp worm completely misses you. The swamp worm bites you!!
You feel threatened and lose the ability to read scrolls!
The swamp worm is very cold.
The swamp worm is heavily wounded.
You closely miss the swamp worm.
The swamp worm is heavily wounded.
The swamp worm barely misses you. The swamp worm closely misses you. x2
You closely miss the swamp worm.
The swamp worm is heavily wounded.
The swamp worm bites you!!
The swamp worm is very cold.
The swamp worm is heavily wounded.
The swamp worm bites you!!
* * * LOW HITPOINT WARNING * * *
The swamp worm is very cold.
The swamp worm is heavily wounded.
You puncture the swamp worm!
The swamp worm seems to speed up.
The swamp worm is severely wounded.
The swamp worm bites you!!
You die...
Xom howls with laughter!

### ###..†.##.##..##
####.P####P....#####.####
................# ###
.).............####
...............#..#♣
...................♣
.........#.#.###.♣.♣
.........##### ##.♣♣
........@##########♣ ≈
.........w##.#P....♣≈≈≈.
.##..###.....D.......≈≈.
### #....(.....#...≈♣.
#.........## ♣.♣♣
##.....(...# ♣
#......(....
.._...._._....
................


You could see a swamp worm (berserk, fast).

Vanquished Creatures
  Harold (Lair:1)
  2 hydras (Lair:2)
  A two-headed ogre (D:8)
  The ghost of TheNamelessOne the Carver, a novice DsFi of Ru (D:9)
  The ghost of funkygono the Basher, a novice FoFi of Okawaru (D:9)
  The ghost of tstbtto the Cleaver, a novice GrBe of Trog (D:8)
  The ghost of MagicUser the Cleaver, a novice FoFi (D:9)
  A cyclops (D:8)
  A black mamba (Lair:1)
  2 cane toads (Lair:1)
  4 komodo dragons
  A troll (D:9)
  The ghost of TheNamelessOne the Sneak, an amateur OpDe of Uskayaw (D:4)
  A vampire (D:10)
  2 basilisks
  2 wyverns
  A steam dragon (D:8)
  13 yaks
  2 wraiths
  2 vampire mosquitoes
  Menkaure (D:7)
  A swamp worm (Lair:2)
  Duvessa (D:4)
  An acid dragon (D:10)
  8 water moccasins
  3 black bears
  A sky beast (D:5)
  An ice beast (D:7)
  3 orc warriors
  An ogre (D:4)
  18 wolves
  5 centaurs
  A phantom (D:6)
  2 kobold brigands (D:7)
  3 bullfrogs
  A gnoll sergeant (D:7)
  A scorpion (D:4)
  A wyvern skeleton (D:7)
  A water moccasin zombie (D:6)
  Dowan (D:4)
  3 killer bees (D:8)
  3 wights (D:7)
  4 centaur zombies
  4 howler monkeys
  2 bullfrog zombies
  2 hounds
  Crazy Yiuf (D:2)
  2 orc priests
  3 gnoll shamans
  A bullfrog skeleton (D:5)
  An iguana (D:4)
  9 orc wizards
  2 howler monkey zombies (D:9)
  A howler monkey skeleton (D:7)
  16 gnolls
  A river rat (D:4)
  5 adders
  A shadow imp (D:8)
  2 worms
  3 dart slugs
  21 orcs
  8 endoplasms
  5 giant cockroaches
  8 goblins
  4 hobgoblins
  4 quokkas
  3 ball pythons (D:4)
  4 bats
  5 frilled lizards
  13 kobolds
  3 rats
240 creatures vanquished.

Vanquished Creatures (collateral kills)
  A kobold brigand (D:8)
1 creature vanquished.

Vanquished Creatures (others)
  An orc priest (D:6)
  An orc (D:9)
  3 fungi
  2 plants (Lair:1)
  2 withered plants (D:9)
9 creatures vanquished.

Grand Total: 250 creatures vanquished

Notes
Turn   | Place    | Note
-------+----------+-------------------------------------------
     0 | D:1      | mcbry74 the Troll Chaos Knight began the quest for the Orb.
     0 | D:1      | Reached XP level 1. HP: 22/22 MP: 0/0
    35 | D:1      | XOM: divination: magic mapping
   131 | D:1      | Found a faded altar of an unknown god.
   198 | D:1      | Found Isontaef's Antique Armour Emporium.
   236 | D:1      | Reached skill level 3 in Maces & Flails
   236 | D:1      | Reached XP level 2. HP: 29/29 MP: 1/1
   512 | D:1      | XOM: silly message
   653 | D:1      | XOM: divination: detect items
   989 | D:2      | Found a runed translucent door.
   990 | D:2      | Noticed Crazy Yiuf
  1074 | D:2      | XOM: 1-stop teleportation journey
  1397 | D:2      | Gained mutation: Your spells are a little easier to cast,
                  | but a little less powerful. [potion of mutation]
  1397 | D:2      | Gained mutation: Your spells are easier to cast, but less
                  | powerful. [potion of mutation]
  1397 | D:2      | Gained mutation: A frigid envelope surrounds you and
                  | freezes all who hurt you. [potion of mutation]
  1401 | D:2      | Reached XP level 3. HP: 37/37 MP: 2/2
  1443 | D:2      | XOM: cloud trail
  1740 | D:3      | XOM: noise
  1966 | D:3      | XOM: stat loss: -1 Dex (8/9)
  2002 | D:3      | XOM: scenery: summon butterflies
  2120 | D:4      | Reached XP level 4. HP: 45/45 MP: 3/3
  2133 | D:4      | Reached skill level 4 in Maces & Flails
  2220 | D:4      | Found a runed translucent door.
  2222 | D:4      | Noticed TheNamelessOne's ghost (amateur OpDe)
  2304 | D:4      | Found a runed translucent door.
  2357 | D:4      | Reached XP level 5. HP: 54/54 MP: 4/4
  2376 | D:4      | Found a staircase to the Ecumenical Temple.
  2426 | D:4      | XOM: give mutations
  2426 | D:4      | Gained mutation: You are frail. (-10% HP) [Xom's mischief]
  2426 | D:4      | Gained mutation: You are weak. (Str -2) [Xom's mischief]
  2426 | D:4      | Gained mutation: You are very weak. (Str -4) [Xom's
                  | mischief]
  2465 | D:4      | Noticed an ogre
  2473 | D:4      | Killed an ogre
  2700 | D:4      | Found Iskec's Book Shop.
  2724 | D:4      | Noticed Duvessa
  2724 | D:4      | Noticed Dowan
  2784 | D:4      | Killed Duvessa
  2785 | D:4      | Reached XP level 6. HP: 50/56 MP: 5/5
  2848 | D:4      | Reached skill level 5 in Maces & Flails
  2908 | D:4      | Killed Dowan
  3009 | D:5      | Entered Level 5 of the Dungeon
  3033 | D:5      | Noticed a sky beast
  3041 | D:5      | Killed a sky beast
  3042 | D:5      | Reached XP level 7. HP: 61/63 MP: 6/6
  3123 | D:5      | Reached skill level 5 in Fighting
  3292 | D:5      | XOM: god gift: ruby potion {god gift}
  3383 | D:6      | Found Qamyd's Antique Weapon Shoppe.
  3388 | D:6      | Noticed a wraith
  3402 | D:6      | Killed a wraith
  3498 | D:6      | XOM: divine lightning
  3509 | D:6      | XOM: cleaving
  3518 | D:6      | Reached skill level 6 in Maces & Flails
  3593 | D:6      | XOM: give mutations
  3593 | D:6      | Gained mutation: You are very frail. (-20% HP) [Xom's
                  | mischief]
  3593 | D:6      | Gained mutation: You are clumsy. (Dex -2) [Xom's mischief]
  3593 | D:6      | Lost mutation: You are very frail. (-20% HP) [Xom's
                  | mischief]
  3604 | D:6      | Reached XP level 8. HP: 64/72 MP: 7/7
  3646 | D:6      | XOM: cloud trail
  3842 | D:6      | XOM: cast spell 'Discord'
  3927 | D:7      | XOM: give mutations
  3927 | D:7      | Gained mutation: You are partially covered in iridescent
                  | scales. (AC +2) [Xom's grace]
  3927 | D:7      | Gained mutation: Your system is resistant to poisons.
                  | (rPois) [Xom's grace]
  3927 | D:7      | Lost mutation: You are clumsy. (Dex -2) [Xom's grace]
  4005 | D:7      | XOM: cloud trail
  4030 | D:7      | Noticed Menkaure
  4030 | D:7      | XOM: 3-stop teleportation journey
  4102 | D:7      | Reached skill level 1 in Throwing
  4171 | D:7      | Reached skill level 7 in Maces & Flails
  4171 | D:7      | Reached skill level 5 in Dodging
  4199 | D:7      | XOM: butterfly on damage
  4200 | D:7      | Killed Menkaure
  4201 | D:7      | Reached XP level 9. HP: 29/82 MP: 8/8
  4371 | D:7      | XOM: cloud trail
  4653 | D:8      | XOM: summons 9 friendly demons
  4805 | D:8      | Noticed a two-headed ogre
  4805 | D:8      | XOM: 8-stop teleportation journey
  4813 | D:8      | XOM: blink monster(s)
  4815 | D:8      | XOM: 1-stop teleportation journey
  4816 | D:8      | XOM: noise
  4823 | D:8      | XOM: enchant monster (bad)
  4828 | D:8      | XOM: repel stairs
  5055 | D:8      | XOM: silly message
  5073 | D:8      | XOM: give mutations
  5073 | D:8      | Lost mutation: You are very weak. (Str -4) [Xom's mischief]
  5073 | D:8      | Gained mutation: You sometimes lose the ability to read
                  | scrolls when taking damage. [Xom's mischief]
  5073 | D:8      | Lost mutation: Your spells are easier to cast, but less
                  | powerful. [Xom's mischief]
  5142 | D:8      | Noticed a cyclops
  5146 | D:8      | Killed a cyclops
  5147 | D:8      | Reached skill level 5 in Throwing
  5282 | D:8      | XOM: give mutation
  5304 | D:8      | Killed a two-headed ogre
  5305 | D:8      | Reached skill level 8 in Maces & Flails
  5305 | D:8      | Reached XP level 10. HP: 33/91 MP: 9/9
  5743 | D:9      | Found an ancient bone altar of Kikubaaqudgha.
  5798 | D:9      | Found a staircase to the Orcish Mines.
  5869 | D:9      | Found a runed translucent gate.
  5870 | D:9      | Found a runed translucent gate.
  5870 | D:9      | Found a runed translucent gate.
  5873 | D:9      | Noticed MagicUser's ghost (novice FoFi)
  5873 | D:9      | Noticed tstbtto's ghost (novice GrBe)
  5874 | D:9      | Noticed funkygono's ghost (novice FoFi)
  5874 | D:9      | Noticed TheNamelessOne's ghost (novice DsFi)
  5889 | D:9      | XOM: god gift: potion of heal wounds
  5965 | D:9      | XOM: 4-stop teleportation journey
  6034 | D:9      | XOM: torment (47/91 hp)
  6099 | D:9      | XOM: noise
  6286 | D:2      | Killed Crazy Yiuf
  6366 | D:4      | XOM: potion effect (berserk rage)
  6369 | D:4      | Killed TheNamelessOne's ghost
  6596 | D:10     | Entered Level 10 of the Dungeon
  6635 | D:9      | XOM: summons 10 friendly demons
  6641 | D:9      | XOM: summons 3 friendly demons
  6657 | D:9      | XOM: potion effect (might)
  6665 | D:9      | XOM: potion effect (invisibility)
  6674 | D:8      | Killed tstbtto's ghost
  6769 | D:9      | XOM: enchant monster (good)
  6774 | D:9      | Killed MagicUser's ghost
  6774 | D:9      | XOM: silly message
  6784 | D:9      | XOM: smoke on damage
  6787 | D:9      | XOM: potion effect (haste)
  6790 | D:9      | Killed funkygono's ghost
  6891 | D:9      | Killed TheNamelessOne's ghost
  6892 | D:9      | Reached XP level 11. HP: 98/99 MP: 10/10
  6936 | D:10     | XOM: noise
  6948 | D:10     | Found a staircase to the Lair.
  6949 | D:10     | XOM: potion effect (haste)
  7211 | D:10     | XOM: noise
  7225 | D:10     | XOM: divination: magic mapping
  7232 | D:10     | Reached skill level 9 in Maces & Flails
  7232 | D:10     | Reached skill level 1 in Evocations
  7291 | D:10     | XOM: cloud trail
  7433 | D:10     | XOM: silly message
  7481 | D:10     | XOM: scenery: 2 doors close
  7601 | D:10     | Lost mutation: Your spells are a little easier to cast, but
                  | a little less powerful. [potion of mutation]
  7601 | D:10     | Lost mutation: You are partially covered in iridescent
                  | scales. (AC +2) [potion of mutation]
  7601 | D:10     | Gained mutation: Your spells are a little harder to cast,
                  | but a little more powerful. [potion of mutation]
  7601 | D:10     | Gained mutation: You expend magic power (3 MP) to
                  | strengthen your wands. [potion of mutation]
  7601 | D:10     | Gained mutation: Your spells are harder to cast, but more
                  | powerful. [potion of mutation]
  7602 | D:10     | Lost mutation: You expend magic power (3 MP) to strengthen
                  | your wands. [potion of mutation]
  7602 | D:10     | Lost mutation: You are weak. (Str -2) [potion of mutation]
  7602 | D:10     | Gained mutation: You are partially covered in iridescent
                  | scales. (AC +2) [potion of mutation]
  7602 | D:10     | Gained mutation: You are dopey. (Int -2) [potion of
                  | mutation]
  7602 | D:10     | Gained mutation: You have an increased reservoir of magic.
                  | (+10% MP) [potion of mutation]
  7661 | Lair:1   | Entered Level 1 of the Lair of Beasts
  7662 | Lair:1   | XOM: potion effect (haste)
  7845 | Lair:1   | XOM: god gift: chain mail {god gift}
  7866 | Lair:1   | XOM: fake destruction
  8003 | Lair:1   | XOM: destruction
  8204 | Lair:1   | Noticed Harold
  8209 | Lair:1   | XOM: scenery: create altars
  8214 | Lair:1   | Killed Harold
  8226 | Lair:1   | XOM: polymorph wolf -> hound
  8313 | Lair:1   | XOM: god gift: scroll labelled QANIWE ARIS {god gift}
  8361 | Lair:1   | Found a runed translucent gate.
  8361 | Lair:1   | Found a runed translucent gate.
  8361 | Lair:1   | Found a runed translucent gate.
  8362 | Lair:1   | Noticed Nov Bun's ghost (journeyman MiFi)
  8587 | Lair:1   | XOM: cleaving
  8596 | Lair:1   | XOM: god gift: ring of fire
  8691 | Lair:2   | Noticed a seven-headed hydra
  8694 | Lair:2   | XOM: scenery: create altars
  8711 | Lair:2   | Killed a seven-headed hydra
  8712 | Lair:2   | Reached XP level 12. HP: 110/110 MP: 12/12
  8728 | Lair:2   | Noticed a five-headed hydra
  8735 | Lair:2   | Killed a five-headed hydra
  8736 | Lair:2   | Reached skill level 10 in Maces & Flails
  8743 | Lair:2   | Demolished by a swamp worm

Illustrated notes

Levels and vault maps discovered:
D:1:      dpeg_arrival_water_fire, layout_basic,
          hellmonk_ecumenical_altar_slurped_away, serial_shops,
          nicolae_shop_hallway_stairs, hangedman_decor_points
D:2:      layout_basic, uniq_crazy_yiuf_cottage
D:3:      layout_loops_corners, bh_walls_and_bars
D:4:      layout_loops_corners, minmay_temple_entry_antechambers,
          ebering_ghost_sewer_f, serial_shops, shop, minmay_misc_feat_diagonals,
          uniq_duvessa
D:5:      layout_basic, serial_shops, nicolae_stop_n_shop_1
D:6:      layout_rooms, serial_shops, shop
D:7:      layout_rooms, uniq_menkaure
D:8:      layout_rooms, kennysheep_just_a_vault
D:9:      layout_basic, lemuel_coloured_pillars_altar, orc_0_dummy,
          serial_aquarium, aquarium_bridge_square [aquarium_subvault_wall,
          aquarium_subvault_bridge, aquarium_subvault_bridge,
          aquarium_subvault_bridge], aquarium_window_fake,
          aquarium_window_corner, aquarium_window_corner, aquarium_window_fake,
          aquarium_view_2d, aquarium_view_2e, aquarium_pool_split,
          gammafunk_ghost_cemetery
D:10:     layout_roguey, david_lair_generic, billiards_dpeg
Lair:1:   layout_regular_city, ebering_ghost_rock_garden, uniq_harold
Lair:2:   lemuel_slime, layout_chaotic_city, palyth_hydra_swamp_entry,
          kennysheep_rathole, grunt_megastairs_2, uniq_gastronok, uniq_sonja

Skill      XL: |  1  2  3  4  5  6  7  8  9 10 11 12 |
---------------+-------------------------------------+-----
Maces & Flails | 3 4 5 6 7 8 9 10 | 10.0
Fighting       | 3 4 5 6 7 8 9 |  9.1
Dodging        | 2 3 5 6 7 |  7.0
Throwing       | 2 5 7 9 |  9.0
Evocations     | 3 |  3.6

Action                   |  1- 3 |  4- 6 |  7- 9 | 10-12 || total
-------------------------+-------+-------+-------+-------++-------
Melee: Mace              |    75 |    22 |       |       ||    97
       Giant spiked club |       |    29 |   176 |   246 ||   451
Throw: Large rock        |       |       |     3 |    11 ||    14
  Use: Potion            |     2 |     3 |     1 |     8 ||    14
       Scroll            |     2 |     2 |    12 |     7 ||    23
 Stab: Distracted        |       |       |     1 |       ||     1
       Paralysed         |       |       |     1 |       ||     1
       Confused          |       |       |       |     1 ||     1
Armor: Robe              |    34 |    25 |    91 |    35 ||   185
       Troll leather arm |       |       |       |   123 ||   123
Dodge: Dodged            |    36 |    23 |   143 |   227 ||   429

Table legend: (Time is in decaauts)
 A = Elapsed time spent in this place.
 B = Non-inter-level travel time spent in this place.
 C = Inter-level travel time spent in this place.
 D = Time resting spent in this place.
 E = Time spent auto-exploring this place.
 F = Levels seen in this place.
 G = Mean time per level.
                   A        B        C        D        E       F      G
               +--------+--------+--------+--------+--------+-----+--------+
         Total |   8933 |   8227 |    706 |    627 |   5301 |  12 |  744.4 |
       Dungeon |   7858 |   7171 |    687 |    585 |   4586 |  10 |  785.8 |
          Lair |   1075 |   1056 |     19 |     41 |    715 |   2 |  537.5 |
               +--------+--------+--------+--------+--------+-----+--------+

Top non-repeatable levels by time:
     D:4: 1099 daAuts
     D:9: 1077 daAuts
  Lair:1: 920 daAuts
     D:1: 913 daAuts
     D:8: 899 daAuts
     D:7: 825 daAuts
    D:10: 774 daAuts
     D:2: 711 daAuts
     D:6: 643 daAuts
     D:3: 554 daAuts
     D:5: 360 daAuts
  Lair:2: 154 daAuts
